 Dungeon Crawl Stone Soup version 0.31-a0-446-g07c4bd200f (webtiles) character file.

Game seed: 11284162718787457806

48 Ethylacetat the Insei (level 3, -3/18 HPs)
             Began as a Vine Stalker Monk on Aug 2, 2023.
             Was a Believer of Hepliaklqana.
             Slain by an orc priest
             ... wielding a +0 flail
              (4 damage)
             ... on level 2 of the Dungeon.
             The game lasted 00:02:09 (1199 turns).

Ethylacetat the Insei (Vine Stalker Monk)           Turns: 1199, Time: 00:02:10

Health: -3/18      AC:  2    Str: 13    XL:     3   Next: 72%
Magic:  0/5        EV: 13    Int: 10    God:    Hepliaklqana [**....]
Gold:   77         SH:  0    Dex: 18    Spells: 4/4 levels left

rFire   . . .        l - +2 dagger (venom)
rCold   . . .        c - orb {light}
rNeg    . . .        a - +0 robe
rPois   .            (no helmet)
rElec   .            (no cloak)
rCorr   .            (no gloves)
SInv    .            (no boots)
Will    +....        (no amulet)
Stlth   +            i - ring of willpower
HPRegen 0.23/turn    (no ring)
MPRegen 0.09/turn

%: guardian spirit
@: glowing
A: reduced essence, fangs 2, magic shield, antimagic bite, no potion heal 2
a: Renounce Religion, Recall Ancestor, Ancestor Identity


You were on level 2 of the Dungeon.
You worshipped Hepliaklqana.
Hepliaklqana was pleased with you.
You visited 1 branch of the dungeon, and saw 2 of its levels.

You collected 77 gold pieces.

Inventory:

Hand Weapons
 l - a +2 dagger of venom (weapon)
Missiles
 f - 5 poisoned darts
Armour
 a - a +0 robe (worn)
 c - an orb of light (worn)
Jewellery
 i - a ring of willpower (left hand)
Scrolls
 e - a scroll of teleportation {unknown}
 h - a scroll of vulnerability {unknown}
 k - a scroll of identify {unknown}
Potions
 b - a potion of ambrosia
 d - a potion of brilliance {unknown}
 g - a potion of mutation {unknown}
 j - a potion of enlightenment {unknown}


   Skills:
 + Level 3.1 Fighting
 - Level 2.4 Dodging
 * Level 3.9 Unarmed Combat
 + Level 1.3 Spellcasting


You had 4 spell levels left.
You didn't know any spells.
Your spell library was empty.

Dungeon Overview and Level Annotations

Branches:
Dungeon (2/15)

Altars:
Hepliaklqana


Innate Abilities, Weirdness & Mutations

Your life essence is reduced to manifest your ancestor. (-10% HP)
You have extremely sharp teeth.
When hurt, damage is shared between your health and your magic reserves.
Your bite disrupts and absorbs the magic of your enemies.
Potions cannot restore your health.


Message History

Ouch! That really hurt!
* * * LOW HITPOINT WARNING * * *
Unknown command.
The orc priest looks satisfied for a moment.
A kobold comes into view. It is wielding a +0 dagger.
The kobold shouts!
The kobold hits you with a +0 dagger.
* * * LOW HITPOINT WARNING * * *
You hit the kobold but do no damage.
The kobold is poisoned.
You bite the kobold. You drain its power.
You feel invigorated.
The kobold is heavily wounded.
You kill the kobold!
You see here a +0 dagger.
You hit the orc but do no damage.
The orc is poisoned.
The orc hits you with a +0 hand axe.
* * * LOW HITPOINT WARNING * * *
You hit the orc but do no damage.
The orc looks as sick as possible!
You bite the orc, but do no damage. The orc misses you.
You hit the orc.
The orc looks as sick as possible!
The orc is heavily wounded.
The orc barely misses you.
You barely miss the orc. You bite the orc. You drain its power.
You feel invigorated.
The orc is almost dead.
You kill the orc!
You barely miss the orc. The orc hits you with a +0 short sword.
* * * LOW HITPOINT WARNING * * *
The orc priest miscasts a cantrip.
You hit the orc.
The orc is poisoned.
The orc is heavily wounded.
You kill the orc!
You barely miss the orc priest.
The orc priest mumbles some strange prayers to Beogh against you.
Pain shoots through your body!
* * * LOW HITPOINT WARNING * * *
You hit the orc priest.
The orc priest is poisoned.
You bite the orc priest, but do no damage.
The orc priest is moderately wounded.
The orc priest hits you with a +0 flail.
You die...

....oo..........
...#.###o.......
#.#.....# #.#....)#
##############.#..#..#
#....o..o......#.###..
#.##############..#)..
#.########### #.....#
#...o@....... #..[.##
#.##########. #.#...#
### #.#.#.. #.#.###
#.#.# #.#.# #.#.#
#.#.# #.#.#


You could see an orc priest (very poisoned).

Vanquished Creatures
  A dart slug (D:2)
  2 orcs (D:2)
  A ball python (D:1)
  3 bats
  5 endoplasms (D:1)
  A giant cockroach (D:2)
  7 goblins
  A hobgoblin (D:2)
  3 jackals (D:1)
  2 frilled lizards (D:1)
  5 kobolds
  4 rats
35 creatures vanquished.

Vanquished Creatures (collateral kills)
  A quokka (D:2)
1 creature vanquished.

Vanquished Creatures (others)
  An ancestor (D:2)
1 creature vanquished.

Grand Total: 37 creatures vanquished

Notes
Turn   | Place    | Note
-------+----------+-------------------------------------------
     0 | D:1      | Ethylacetat the Vine Stalker Monk began the quest for the
                  | Orb.
     0 | D:1      | Reached XP level 1. HP: 11/11 MP: 2/2
    94 | D:1      | Reached XP level 2. HP: 9/16 MP: 1/3
   338 | D:1      | Reached skill level 1 in Spellcasting
   362 | D:1      | Reached XP level 3. HP: 13/20 MP: 5/5
   655 | D:2      | Found a faded altar of an unknown god.
   903 | D:2      | Prayed at the altar of an unknown god.
   903 | D:2      | Became a worshipper of Hepliaklqana the Forgotten
   903 | D:2      | Reached * piety under Hepliaklqana
   903 | D:2      | Reached ** piety under Hepliaklqana
  1169 | D:2      | Remembered your ancestor Teicuih as a knight
  1199 | D:2      | Slain by an orc priest

Illustrated notes

Levels and vault maps discovered:
D:1:      minmay_arrival_glassed_features, layout_rooms
D:2:      layout_basic, basic_ecumenical_altar, basic_altar, minmay_pentomino_x2

Skill      XL: |  1  2 |
---------------+-------+-----
Fighting       | 3 |  3.1
Spellcasting   | 1 |  1.3
Dodging        | |  2.4
Unarmed Combat | |  3.9

Action                     || total
---------------------------++-------
  Melee: Unarmed           ||    57
         Bite              ||    27
         Dagger            ||    22
 Invoke: Ancestor Life: Kn ||     1
 Armour: Robe              ||     9
  Dodge: Dodged            ||    28

Table legend: (Time is in decaauts)
 A = Elapsed time spent in this place.
 B = Non-inter-level travel time spent in this place.
 C = Inter-level travel time spent in this place.
 D = Time resting spent in this place.
 E = Time spent auto-exploring this place.
 F = Levels seen in this place.
 G = Mean time per level.
                   A        B        C        D        E       F      G
               +--------+--------+--------+--------+--------+-----+--------+
         Total |   1193 |   1182 |     11 |    200 |    764 |   2 |  596.5 |
       Dungeon |   1193 |   1182 |     11 |    200 |    764 |   2 |  596.5 |
               +--------+--------+--------+--------+--------+-----+--------+

Top non-repeatable levels by time:
     D:1: 638 daAuts
     D:2: 555 daAuts
